 Dungeon Crawl Stone Soup version 0.29.1-15-g9cfb28693d (webtiles) character file.

Game seed: 16928736863524465929

4036 MacCMillion the Grappler (level 10, -2/100 HPs)
             Began as a Troll Fighter on Feb 21, 2023.
             Was a Believer of Wu Jian.
             Slain by Menkaure (14 damage)
             ... on level 7 of the Dungeon.
             The game lasted 00:14:14 (6671 turns).

MacCMillion the Grappler (Troll Fighter)            Turns: 6671, Time: 00:14:14

Health: -2/100     AC:  8    Str: 26    XL:     10   Next: 4%
Magic:  9/9        EV:  9    Int:  8    God:    Wu Jian [**....]
Gold:   394        SH: 14    Dex:  9    Spells: 9/9 levels left

rFire   . . .      SeeInvis .     - Unarmed
rCold   . . .      Faith    .   b - +0 kite shield
rNeg    . . .      Spirit   .   F - +0 steam dragon scales
rPois   .          Reflect  +   d - +1 hat
rElec   .          Harm     .   m - scarf {shadows}
rCorr   .          Rampage  .   (gloves unavailable)
Will    .....                   (boots unavailable)
Stlth   +.........              n - amulet of reflection
HPRegen 1.06/turn               (no ring)
MPRegen 0.11/turn               (no ring)

@: about to teleport
A: large, unfitting armour, claws 3, regeneration 1, shaggy fur 1, tough skin 1
a: Renounce Religion, Wall Jump


You were on level 7 of the Dungeon.
You worshipped Wu Jian.
Wu Jian was pleased with you.
You visited 2 branches of the dungeon, and saw 8 of its levels.

You collected 394 gold pieces.

Inventory:

Armour
 a - a +0 robe
 b - a +0 kite shield (worn)
 d - a +1 hat (worn)
 m - a scarf of shadows (worn)
 F - +0 steam dragon scales (worn)
Jewellery
 n - an amulet of reflection (around neck)
 C - a ring of ice
Wands
 l - a wand of roots (20)
 x - a wand of digging (3)
 D - a wand of paralysis (8)
Scrolls
 e - a scroll of vulnerability
 h - 2 scrolls of immolation
 k - a scroll of noise
 r - a scroll of poison {unknown}
 s - a scroll of blinking {unknown}
 v - 4 scrolls of amnesia
 w - a scroll of acquirement {unknown}
 y - a scroll of torment {unknown}
 z - a scroll of butterflies {unknown}
 A - 2 scrolls of identify
Potions
 c - 3 potions of might
 f - a potion of magic {unknown}
 g - 2 potions of mutation
 i - 5 potions of curing
 o - a potion of lignification
 q - a potion of haste
 t - a potion of heal wounds {unknown}
 u - a potion of degeneration {unknown}
 B - a potion of resistance {unknown}
 E - a potion of flight {unknown}


   Skills:
 + Level 6.4 Fighting
 + Level 3.8 Dodging
 + Level 6.9 Shields
 * Level 10.2 Unarmed Combat


You had 9 spell levels left.
You didn't know any spells.
Your spell library contained the following spells:

 Spells                   Type           Power      Damage    Failure   Level
 Apportation              Tloc           0%         N/A       65%         1
 Necrotise                Necr           0%         1d4       65%         1
 Summon Small Mammal      Summ           0%         N/A       65%         1
 Poisonous Vapours        Pois/Air       0%         N/A       80%         2
 Static Discharge         Conj/Air       0%         3-3/arc   80%         2
 Corpse Rot               Necr/Pois/Air  0%         N/A       100%        4
 Dispel Undead            Necr           0%         3d6       100%        4
 Sticky Flame             Conj/Fire      0%         2d3       100%        4


Dungeon Overview and Level Annotations

Branches:
Dungeon (7/15)             Temple (1/1) D:4

Altars:
Ashenzari
Cheibriados
Dithmenos
Elyvilon
Fedhas
Gozag
Hepliaklqana
Kikubaaqudgha
Makhleb
Nemelex Xobeh
Okawaru
Qazlal
Ru
Sif Muna
Wu Jian
Yredelemnul
Zin
The Shining One

Shops:
D:5 :

Annotations:
D:3 Sigmund
D:7 Menkaure


Innate Abilities, Weirdness & Mutations

You are too large for most types of armour.
You have claws for hands.
Your natural rate of healing is unusually fast.
You are covered in fur. (AC +1)
You have tough skin. (AC +1)


Message History

No target in view!
You see here a bullfrog corpse.
HP restored.
Menkaure, Prince of Dust comes into view.
Menkaure shouts!
Menkaure mumbles some strange words.
Menkaure seems to speed up.
You hear a shout! x2
An orc priest comes into view. It is wielding a +0 whip.
Found an escape hatch in the floor.
The orc priest shouts!
An orc comes into view. It is wielding a +0 club.
An orc comes into view. It is wielding a +0 falchion.
Menkaure calls on the powers of darkness!
The orc priest convulses!
The orc convulses!
The orc shouts!
The orc convulses!
Your body is wracked with pain!
You hear a shout! x2
The orc priest invokes the aid of Beogh against you.
Beogh smites you!
An orc comes into view. It is wielding a +0 hand axe.
Menkaure points at you and mumbles some strange words.
Pain shoots through your body!
* * * LOW HITPOINT WARNING * * *
An orc priest comes into view. It is wielding a +0 trident.
Menkaure attacks as you move away! Menkaure closely misses you.
Menkaure calls on the powers of darkness!
Your body is wracked with pain!
* * * LOW HITPOINT WARNING * * *
As you read the scroll labelled BOFFACH YDYN, it crumbles to dust.
You assume a fearsome visage.
Menkaure is unaffected.
It was a scroll of fear.
You block Menkaure's attack.
As you read the scroll labelled CUGUJO KOSK, it crumbles to dust.
You feel strangely unstable.
It was a scroll of teleportation.
Menkaure hits you!
* * * LOW HITPOINT WARNING * * *
You feel better. Menkaure hits you!
* * * LOW HITPOINT WARNING * * *
Menkaure hits you!
You die...

#.# ##...## ####.###
##.....# #......##
#.......
#.##....####........
# #.......+........
#....####........ #
###..# ##.......
#.####o.# ##.....#
#..@Mooo# ##...##
#######o# ##+# # #.#
#.# # #o# #.#


oo. ##.## ... ##...## oo...###...... ........#. .###.#.##. You could see
Menkaure (fast), 2 orc priests and 3 orcs.

Vanquished Creatures
  A manticore (D:6)
  Joseph (D:7)
  Eustachio (D:6)
  A steam dragon (D:7)
  A water moccasin (D:7)
  Duvessa (D:7)
  An orc warrior (D:6)
  2 black bears (D:6)
  4 ice beasts
  5 ogres
  A centaur (D:6)
  A phantom (D:6)
  3 scorpions
  4 bullfrogs
  A necrophage (D:4)
  2 wights
  A water moccasin zombie (D:5)
  Dowan (D:7)
  2 jellies
  2 bullfrog zombies (D:5)
  A human zombie (D:5)
  4 orc priests
  2 hounds
  Natasha (thrice) (D:2)
  3 iguanas (D:5)
  6 orc wizards
  A scorpion zombie (D:5)
  2 killer bee zombies (D:5)
  2 hound zombies (D:5)
  A mummy (D:5)
  4 gnolls (D:4)
  7 adders
  2 white imps
  3 ufetubi (D:5)
  An adder zombie (D:5)
  2 dart slugs
  27 orcs
  2 bats
  4 endoplasms
  2 giant cockroaches
  6 goblins
  6 hobgoblins
  3 jackals (D:3)
  5 kobolds
  3 quokkas
  4 ball pythons (D:2)
  4 frilled lizards
  3 rats
  A butterfly (D:4)
150 creatures vanquished.

Notes
Turn   | Place    | Note
-------+----------+-------------------------------------------
     0 | D:1      | MacCMillion the Troll Fighter began the quest for the Orb.
     0 | D:1      | Reached XP level 1. HP: 22/22 MP: 0/0
   322 | D:1      | Reached XP level 2. HP: 29/29 MP: 1/1
   989 | D:2      | Reached XP level 3. HP: 32/36 MP: 2/2
  1022 | D:2      | Reached skill level 3 in Unarmed Combat
  1026 | D:2      | Noticed Natasha
  1031 | D:2      | Killed Natasha
  1039 | D:2      | Noticed Natasha
  1044 | D:2      | Killed Natasha
  1045 | D:2      | Reached XP level 4. HP: 40/45 MP: 3/3
  1335 | D:2      | Noticed Natasha
  1340 | D:2      | Killed Natasha
  1525 | D:3      | Reached skill level 4 in Unarmed Combat
  1525 | D:3      | Reached XP level 5. HP: 49/53 MP: 4/4
  1862 | D:3      | Noticed Sigmund
  2676 | D:4      | Reached XP level 6. HP: 61/61 MP: 5/5
  3147 | D:4      | Reached skill level 5 in Unarmed Combat
  3191 | D:4      | Found a staircase to the Ecumenical Temple.
  3201 | Temple   | Entered the Ecumenical Temple
  3208 | Temple   | Became a worshipper of the Wu Jian Council
  3508 | D:4      | Reached XP level 7. HP: 66/68 MP: 6/6
  3554 | D:5      | Entered Level 5 of the Dungeon
  3556 | D:5      | Found Baesolat's Book Boutique.
  3647 | D:5      | Found an ancient bone altar of Kikubaaqudgha.
  3685 | D:5      | Reached skill level 6 in Unarmed Combat
  3847 | D:5      | Reached * piety under Wu Jian
  3890 | D:5      | Reached XP level 8. HP: 53/79 MP: 7/7
  3925 | D:5      | Reached skill level 5 in Shields
  3925 | D:5      | Reached skill level 7 in Unarmed Combat
  4445 | D:6      | Noticed Eustachio
  4462 | D:6      | Killed Eustachio
  4463 | D:6      | Reached skill level 5 in Fighting
  4504 | D:6      | Noticed a manticore
  4532 | D:6      | Reached skill level 8 in Unarmed Combat
  4928 | D:6      | Found a stormy altar of Qazlal.
  4949 | D:6      | Identified the +4 dagger "Wilekiq" {vorpal, rF- Dex+7 SInv
                  | Stlth+}
  5102 | D:6      | Killed a manticore
  5103 | D:6      | Reached XP level 9. HP: 16/88 MP: 8/8
  5282 | D:6      | Reached skill level 9 in Unarmed Combat
  5914 | D:6      | Found a basalt altar of Yredelemnul.
  6081 | D:7      | Reached ** piety under Wu Jian
  6151 | D:7      | Noticed Joseph
  6163 | D:7      | Killed Joseph
  6297 | D:7      | Noticed Dowan
  6419 | D:7      | Reached skill level 10 in Unarmed Combat
  6495 | D:7      | Noticed Duvessa
  6504 | D:7      | Killed Duvessa
  6506 | D:7      | Killed Dowan
  6507 | D:7      | Reached XP level 10. HP: 100/100 MP: 9/9
  6661 | D:7      | Noticed Menkaure
  6668 | D:7      | HP: 5/100 [Menkaure (12)]
  6671 | D:7      | Slain by Menkaure

Illustrated notes

Levels and vault maps discovered:
D:1:      tarquinn_simple_flora_water_e, layout_basic,
          minmay_misc_feat_secret_circle, serial_park_tiny_1
D:2:      layout_loops_ring, serial_glass, glass_columns_a, glass_columns_b,
          uniq_natasha
D:3:      layout_basic, uniq_sigmund
D:4:      layout_rooms, minmay_temple_entry_butterflies, st_stairs_14,
          patterned_corridor
D:5:      layout_gridville, lemuel_mausoleum_altar_kikubaaqudgha, serial_shops,
          nicolae_diamond_shop, minmay_fractal_squares_5
D:6:      black_bear_nest_2, layout_basic, grunt_qazlal_clouds,
          general_overflow_altar, grunt_potential, uniq_eustachio
D:7:      layout_loops_corners, uniq_menkaure, uniq_duvessa, uniq_joseph,
          uniq_pikel
Temple:   nicolae_temple_no_exploring_needed

Skill      XL: |  1  2  3  4  5  6  7  8  9 |
---------------+----------------------------+-----
Shields        | 3 4 6 |  6.9
Unarmed Combat | 3 4 5 6 8 10 | 10.2
Fighting       | 3 4 5 6 |  6.4
Dodging        | 3 |  3.8

Action                   |  1- 3 |  4- 6 |  7- 9 | 10-12 || total
-------------------------+-------+-------+-------+-------++-------
Melee: Unarmed           |    49 |   180 |   273 |     6 ||   508
Invok: Lunge             |       |     1 |    32 |     2 ||    35
       Whirlwind         |       |       |     5 |       ||     5
  Use: Scroll            |       |       |     8 |     2 ||    10
       Potion            |       |       |       |     1 ||     1
Armor: Robe              |    11 |    25 |    36 |       ||    72
       Steam dragon scal |       |       |     1 |     1 ||     2
Dodge: Dodged            |    15 |    47 |    34 |     2 ||    98
Block: Kite shield       |    13 |    89 |   147 |     2 ||   251
       Reflection        |       |     1 |     3 |       ||     4
